 Dungeon Crawl Stone Soup version 0.31-a0-236-g9a0961fb85 (webtiles) character file.

Game seed: 4713354136737113650

253 qw the Shooter (level 5, -2/45 HPs)
             Began as a Minotaur Hexslinger on July 10, 2023.
             Slain by Dowan
             ... wielding a +0 dagger of venom
              (4 damage)
             ... on level 4 of the Dungeon.
             The game lasted 00:00:55 (2427 turns).

qw the Shooter (Minotaur Hexslinger)                Turns: 2427, Time: 00:00:55

Health: -2/45      AC:  9    Str: 13    XL:     5   Next: 90%
Magic:  5/5        EV: 11    Int: 10    God:
Gold:   177        SH:  0    Dex: 14    Spells: 5/6 levels left

rFire   . . .        Y - +1 sling
rCold   . . .        (no shield)
rNeg    . . .        e - +0 ring mail
rPois   +            (helmet restricted)
rElec   .            (no cloak)
rCorr   .            (no gloves)
SInv    .            (no boots)
Will    .....        (no amulet)
Stlth   +            c - +4 ring of protection
HPRegen 0.27/turn    b - ring of poison resistance
MPRegen 0.09/turn

%: no passive effects
@: lethally poisoned (-2 -> -7)
A: horns 2, retaliatory headbutt
a: no special abilities


You were on level 4 of the Dungeon.
You visited 1 branch of the dungeon, and saw 4 of its levels.

You collected 177 gold pieces.


Innate Abilities, Weirdness & Mutations

You have a pair of horns on your head.
You reflexively headbutt those who attack you in melee.


   Skills:
 + Level 3.3 Fighting
 - Level 6.0 Ranged Weapons
 - Level 1.1 Armour
 - Level 2.1 Dodging
 - Level 1.0 Spellcasting
 - Level 2.0 Hexes


You had 5 spell levels left.
You knew the following spells:

 Your Spells              Type           Power      Damage    Failure   Level
a - Slow                  Hex            16%        N/A       32%         1

Your spell library contained the following spells:

 Spells                   Type           Power      Damage    Failure   Level
 Inner Flame              Hex/Fire       2%         N/A       82%         3
 Portal Projectile        Hex/Tloc       4%         N/A       82%         3
 Cause Fear               Hex            2%         N/A       97%         4

Inventory:

Hand Weapons
 Y - a +1 sling (weapon)
Armour
 e - a +0 ring mail (worn)
Jewellery
 b - a ring of poison resistance (right hand)
 c - a +4 ring of protection (left hand)
 f - a +6 ring of strength
Scrolls
 g - a scroll of enchant weapon {unknown}
 h - a scroll of acquirement {unknown}
Potions
 a - a potion of berserk rage {unknown}
 d - a potion of brilliance {unknown}

Dungeon Overview and Level Annotations

Branches:
Dungeon (4/15)
 Temple: D:4-7

Altars:

Annotations:
D:4 Dowan, Duvessa


Message History

You shoot a sling bullet. The sling bullet closely misses Dowan.
Dowan barely misses you.
You shoot a sling bullet. The sling bullet hits Dowan.
Dowan is lightly wounded.
Dowan barely misses you. Dowan hits you but does no damage.
You are poisoned.
You shoot a sling bullet. The sling bullet hits Dowan!
Dowan is heavily wounded.
You feel very sick. Dowan barely misses you.
You shoot a sling bullet.
The sling bullet hits Dowan but does no damage.
Dowan is heavily wounded.
You feel sick. Dowan barely misses you.
You shoot a sling bullet. The sling bullet hits Dowan.
Dowan is heavily wounded.
You feel sick.
Dowan hits you with a +0 dagger of venom.
You are more poisoned.
You shoot a sling bullet. The sling bullet barely misses Dowan.
You feel very sick. Dowan hits you but does no damage.
You are lethally poisoned!
You shoot a sling bullet. The sling bullet closely misses Dowan.
You feel very sick.
Dowan hits you with a +0 dagger of venom.
Dowan points at you and mumbles some strange words.
The puff of flame hits you but does no damage.
You shoot a sling bullet. The sling bullet hits Dowan.
Dowan is heavily wounded.
You feel very sick. Dowan barely misses you. You furiously retaliate!
You headbutt Dowan. You shoot a sling bullet.
The sling bullet barely misses Dowan.
You feel very sick. Dowan barely misses you.
You shoot a sling bullet. The sling bullet hits Dowan!
Dowan is almost dead.
You feel very sick.
Dowan hits you with a +0 dagger of venom.
You die...

#...........
..#.#
..#....#..##
#.#.# ##
..#.#..#
#.#.# : #
#..# #.#.#
#.#.# #.#.#
...#####.#.#
.........#.#
..#.##....#.#
...$...@..#.#
..#...%e..#.#
............#
.##..####.###
.... ....
.... ###.##
.## #.# ..#
###


You could see Dowan.

Vanquished Creatures
  A scorpion (D:4)
  A hound (D:4)
  An orc priest (D:3)
  7 adders
  3 worms
  3 dart slugs
  6 orcs (D:3)
  2 bats
  2 endoplasms
  3 giant cockroaches
  4 goblins
  5 hobgoblins
  A quokka (D:3)
  10 ball pythons
  A frilled lizard (D:2)
  3 kobolds
  3 rats
56 creatures vanquished.

Notes
Turn   | Place    | Note
-------+----------+-------------------------------------------
     0 | D:1      | qw the Minotaur Hexslinger began the quest for the Orb.
     0 | D:1      | Reached XP level 1. HP: 16/16 MP: 1/1
     0 | D:1      | 0 ||| qw: Version: 0.3-a-52-g30416fa
     0 | D:1      | 0 ||| qw: Game counter: 4751
     0 | D:1      | 0 ||| qw: Melee chars always use a shield: true
     0 | D:1      | 0 ||| qw: God list: Okawaru
     0 | D:1      | 0 ||| qw: Allow faded altars: false
     0 | D:1      | 0 ||| qw: Do Orc after clearing Dungeon:15 true
     0 | D:1      | 0 ||| qw: Do second Lair branch before Depths: true
     0 | D:1      | 0 ||| qw: Lair rune preference: random
     0 | D:1      | 0 ||| qw: Goals: Normal
     0 | D:1      | 0 ||| PLANNING D:1-11
   482 | D:1      | Reached skill level 3 in Ranged Weapons
   520 | D:1      | 520 ||| UPGRADING to +0 leather armour.
   530 | D:1      | 530 ||| DROPPING +0 robe.
   531 | D:1      | 531 ||| DROPPING +6 ring of intelligence.
   532 | D:1      | 532 ||| UPGRADING to +6 ring of strength.
   533 | D:1      | 533 ||| DROPPING scroll of poison.
   643 | D:2      | Reached XP level 2. HP: 23/23 MP: 2/2
   788 | D:2      | Reached XP level 3. HP: 30/30 MP: 3/3
  1189 | D:2      | 1189 ||| UPGRADING to +0 ring mail.
  1199 | D:2      | 1199 ||| DROPPING +0 leather armour.
  1200 | D:2      | 1200 ||| UPGRADING to ring of poison resistance.
  1201 | D:2      | 1201 ||| READING scroll labelled BIQAIPRAUTT.
  1202 | D:2      | 1202 ||| READING scroll labelled URYUQA HEOJUUDU.
  1325 | D:3      | Reached skill level 4 in Ranged Weapons
  1447 | D:3      | Reached XP level 4. HP: 35/37 MP: 4/4
  1478 | D:3      | 1478 ||| FLEEEEING.
  1479 | D:3      | 1479 ||| FLEEEEING.
  1480 | D:3      | 1480 ||| FLEEEEING.
  1481 | D:3      | 1481 ||| FLEEEEING.
  1482 | D:3      | 1482 ||| FLEEEEING.
  1483 | D:3      | 1483 ||| FLEEEEING.
  1491 | D:3      | 1491 ||| FLEEEEING.
  1492 | D:3      | 1492 ||| STAIRDANCE
  1558 | D:2      | 1558 ||| UPGRADING to +4 ring of protection.
  1560 | D:2      | 1560 ||| READING scroll labelled KIZEWI PINIT.
  1596 | D:3      | Reached skill level 1 in Armour
  1617 | D:3      | Reached skill level 5 in Ranged Weapons
  1756 | D:3      | Reached XP level 5. HP: 44/44 MP: 5/5
  2053 | D:3      | Reached skill level 3 in Fighting
  2336 | D:4      | Reached skill level 6 in Ranged Weapons
  2406 | D:4      | Noticed Dowan
  2410 | D:4      | Noticed Duvessa
  2424 | D:4      | HP: 11/45 [Dowan/+0 dagger of venom (1)]
  2426 | D:4      | HP: 5/45 [poisoned by Dowan]
  2427 | D:4      | HP: 2/45 [poisoned by Dowan]
  2427 | D:4      | Slain by Dowan

Levels and vault maps discovered:
D:1:      minmay_arrival_wavy_path, layout_basic, columned_hall_lemuel
D:2:      layout_basic
D:3:      layout_loops_corners, kennysheep_flooded_box
D:4:      layout_basic, minmay_rat_hole, uniq_duvessa, uniq_natasha

Skill      XL: |  1  2  3  4  5 |
---------------+----------------+-----
Ranged Weapons | 3 4 5 6 |  6.0
Fighting       | 2 3 |  3.3
Armour         | 1 |  1.1
Dodging        | |  2.1
Spellcasting   | |  1.0
Hexes          | |  2.0

Action                     |  1- 3 |  4- 6 || total
---------------------------+-------+-------++-------
   Fire: Sling             |    86 |   114 ||   200
    Use: Scroll            |     2 |     1 ||     3
 Armour: Leather armour    |     2 |       ||     2
         Ring mail         |     7 |    20 ||    27
  Dodge: Dodged            |    30 |    33 ||    63

Table legend:
 A = Non-vault XP
 B = Vault XP
 C = Vault XP percentage of total XP
 D = Non-vault monster count
 E = Vault monster count
 F = Vault count percentage of total count
                 A         B        C        D         E       F
            +---------+---------+-------+---------+---------+-------
      Total |     362 |       0 |   0.0 |      56 |       0 |   0.0
            +---------+---------+-------+---------+---------+-------
        D:1 |      11 |       0 |   0.0 |       6 |       0 |   0.0
        D:2 |      56 |       0 |   0.0 |      17 |       0 |   0.0
        D:3 |     141 |       0 |   0.0 |      28 |       0 |   0.0
        D:4 |     154 |       0 |   0.0 |       5 |       0 |   0.0
            +---------+---------+-------+---------+---------+-------
